 Dungeon Crawl Stone Soup version 0.28-a0-804-g60983d4ba9 (webtiles) character file.

Game seed: 11525693919357693111

250 ragingrage the Insei (level 6, -2/42 HPs)
             Began as an Octopode Monk on Nov 7, 2021.
             Slain by a wight (9 damage)
             ... on level 3 of the Dungeon.
             The game lasted 00:04:41 (3274 turns).

ragingrage the Insei (Octopode Monk)                Turns: 3274, Time: 00:04:42

Health: -2/42      AC:  1    Str: 18    XL:     6   Next: 13%
Magic:  6/6        EV: 14    Int: 12    God:
Gold:   132        SH:  0    Dex: 15    Spells: 5/5 levels left

rFire   . . .      SeeInvis .     - Unarmed
rCold   . . .      Faith    .   (no shield)
rNeg    + . .      Spirit   .   (helmet restricted)
rPois   .          Reflect  .   (no amulet)
rElec   .          Harm     .   a - ring of positive energy
rCorr   .          Rampage  .   d - +6 ring of strength
Will    .....                   (no ring)
Stlth   ++++......              (no ring)
HPRegen 0.14/turn               (no ring)
MPRegen 0.10/turn               (no ring)
                                (no ring)
                                (no ring)

@: no status effects
A: almost no armour, amphibious, 8 rings, camouflage 1, gelatinous body 1,
(nimble swimmer 1), tentacles
a: no special abilities


You were on level 3 of the Dungeon.
You visited 1 branch of the dungeon, and saw 3 of its levels.

You collected 132 gold pieces.

Inventory:

Missiles
 f - 20 poisoned darts (quivered)
Magical Staves
 c - a staff of poison
Jewellery
 a - a ring of positive energy (left tentacle)
 d - a +6 ring of strength (right tentacle)
Scrolls
 j - a scroll of noise {unknown}
 k - a scroll of brand weapon {unknown}
 l - a scroll of fear {unknown}
Potions
 b - 3 potions of curing {unknown}
 e - a potion of haste {unknown}
 g - a potion of might {unknown}
 h - 2 potions of mutation {unknown}
 i - a potion of heal wounds {unknown}
 m - a potion of cancellation {unknown}
 n - a potion of ambrosia {unknown}


   Skills:
 - Level 3.0 Fighting
 - Level 3.0 Dodging
 - Level 5.0 Stealth
 * Level 6.0 Unarmed Combat


You had 5 spell levels left.
You didn't know any spells.
Your spell library contained the following spells:

 Spells                   Type           Power      Damage    Failure   Level
 Conjure Flame            Conj/Fire      0%         6-21      69%         3
 Dazzling Flash           Conj/Hex       0%         N/A       69%         3
 Ignite Poison            Fire/Tmut/Pois 0%         N/A       69%         3
 Iskenderun's Mystic Bla  Conj/Tloc      0%         2d3       97%         4
 Sticky Flame             Conj/Fire      0%         2d3       97%         4
 Starburst                Conj/Fire      0%         6d3       100%        6


Dungeon Overview and Level Annotations

Branches:
Dungeon (3/15)

Altars:
Cheibriados


Innate Abilities, Weirdness & Mutations

You cannot wear most types of armour.
You are amphibious.
You can wear up to eight rings at the same time.
Your skin changes colour to match your surroundings (Stealth+).
Your rubbery body absorbs attacks. (AC +1, EV +1)
((You are camouflaged near water. (Stealth+)))
You have tentacles for arms and can constrict up to eight enemies at once.


Message History

You are too injured to fight recklessly!
You are too injured to fight recklessly!
You tentacle-slap the wight. You grab the wight.
You squeeze the wight, but do no damage.
The wight is lightly damaged.
You constrict the wight.
The wight hits you with a +0 long sword.
You bludgeon the wight!
The wight is severely damaged.
You constrict the wight.
The wight hits you with a +0 long sword!
* * * LOW HITPOINT WARNING * * *
You tentacle-slap the wight.
You destroy the wight!
Your Unarmed Combat skill increases to level 6!
You have reached level 6!
Your experience leads to an increase in your attributes!
Your base attributes are Str 11, Int 12, Dex 15.
Increase (S)trength, (I)ntelligence, or (D)exterity?
You feel stronger.
You barely miss the wight. You grab the wight.
You constrict the wight, but do no damage.
The wight closely misses you.
You barely miss the wight.
You constrict the wight, but do no damage.
You tentacle-slap the wight.
You squeeze the wight, but do no damage.
The wight is lightly damaged.
You constrict the wight, but do no damage.
The wight closely misses you.
You tentacle-slap the wight but do no damage.
You squeeze the wight, but do no damage.
The wight is lightly damaged.
You constrict the wight. The wight closely misses you.
You bludgeon the wight!
You squeeze the wight, but do no damage.
The wight is severely damaged.
You constrict the wight.
The wight hits you with a +2 falchion of freezing!
You die...

#.### #. #... ..
#. #.. ...#.######
#)# #.#....... #)#
#####....†.... #.#
#>............ #.#
#.#####.....†. #z#
#.# #....†..
#@###.#####.......
#.............####
##............####
#................
#............####
#............#
#............####
#...............#
############....#


You could see a wight.

Vanquished Creatures
  3 wights (D:3)
  4 gnolls
  2 adders
  A worm (D:3)
  3 dart slugs
  5 endoplasms
  3 giant cockroaches (D:2)
  6 goblins
  7 hobgoblins
  3 jackals (D:1)
  8 ball pythons
  6 bats
  2 frilled lizards
  5 kobolds
  7 rats
65 creatures vanquished.

Vanquished Creatures (others)
  A withered plant (D:1)
1 creature vanquished.

Grand Total: 66 creatures vanquished

Notes
Turn   | Place    | Note
-------+----------+-------------------------------------------
     0 | D:1      | ragingrage the Octopode Monk began the quest for the Orb.
     0 | D:1      | Reached XP level 1. HP: 16/16 MP: 1/1
    51 | D:1      | Found a faded altar of an unknown god.
   238 | D:1      | Reached XP level 2. HP: 16/21 MP: 2/2
  1238 | D:1      | Reached XP level 3. HP: 7/26 MP: 3/3
  1570 | D:2      | Reached skill level 4 in Unarmed Combat
  1994 | D:2      | Reached XP level 4. HP: 31/31 MP: 4/4
  2977 | D:3      | Found a snail-covered altar of Cheibriados.
  2989 | D:3      | Reached XP level 5. HP: 27/36 MP: 5/5
  3259 | D:3      | Reached skill level 5 in Stealth
  3259 | D:3      | Reached skill level 5 in Unarmed Combat
  3266 | D:3      | Reached skill level 6 in Unarmed Combat
  3266 | D:3      | Reached XP level 6. HP: 6/42 MP: 6/6
  3274 | D:3      | Slain by a wight

Illustrated notes

Levels and vault maps discovered:
D:1:      lemuel_arrival_cross, layout_basic, shapermc_ecumenical_altar_gd
D:2:      layout_basic, minmay_misc_feat_alley, grunt_ministairs_6,
          item_on_display_a
D:3:      layout_basic, kennysheep_slug_shrine

Skill      XL: |  1  2  3  4  5 |
---------------+----------------+-----
Stealth        | 3 4 5 |  5.0
Unarmed Combat | 4 6 |  6.0
Fighting       | |  3.0
Dodging        | |  3.0

Action                   |  1- 3 |  4- 6 || total
-------------------------+-------+-------++-------
Melee: Unarmed           |    70 |    58 ||   128
       Constrict         |    17 |    20 ||    37
       Tentacles         |    11 |    20 ||    31
       Punch             |     2 |     1 ||     3
  Use: Scroll            |     1 |       ||     1
 Stab: Sleeping          |     6 |     6 ||    12
       Distracted        |     1 |       ||     1
Armor: Skin              |     5 |     1 ||     6
Dodge: Dodged            |    51 |    25 ||    76

Table legend: (Time is in decaauts)
 A = Elapsed time spent in this place.
 B = Non-inter-level travel time spent in this place.
 C = Inter-level travel time spent in this place.
 D = Time resting spent in this place.
 E = Time spent auto-exploring this place.
 F = Levels seen in this place.
 G = Mean time per level.
                   A        B        C        D        E       F      G
               +--------+--------+--------+--------+--------+-----+--------+
         Total |   3266 |   3226 |     40 |    658 |   2097 |   3 | 1088.7 |
       Dungeon |   3266 |   3226 |     40 |    658 |   2097 |   3 | 1088.7 |
               +--------+--------+--------+--------+--------+-----+--------+

Top non-repeatable levels by time:
     D:1: 1439 daAuts
     D:2: 1262 daAuts
     D:3: 564 daAuts
